[ AOE2 MATCH · #488637017 ]
UnrankedMongols vs Magyars
Player's team · LOSS
Rival team · WIN
[ REPLAY ANALYSIS · EXTRACTED FROM THE RECORDED GAME ]
Feudal
8:41
Castle
21:37
Imperial
—
| APM avg | 16.9 |
| APM peak | 35 |
| eAPM avg | 9.2 |
| Villagers / military | 38 / 18 |
Focus
⚔️ 30.2% · 🌾 69.8%
Spearman ×10 · Scout Cavalry ×4 · Cavalry Archer ×3 · Militia ×1
Feudal
11:45
Castle
17:01
Imperial
—
| APM avg | 25.0 |
| APM peak | 73 |
| eAPM avg | 9.7 |
| Villagers / military | 38 / 41 |
Focus
⚔️ 35.5% · 🌾 64.5%
Magyar Huszar ×41 · Fishing Ship ×6
Match map
Initial resources + every placement click. Lines = walls · curves = elevation contours. ◆ gold · ⬟ stone · ● berries · ✦ relic · ◌ wall gap
Your base· Open — unwalled flank
amegame9's base· Open — unwalled flank
Smoothed initial terrain · ◌ = detected wall gap · hover for details
Inputs per minute
— Socrate - - amegame9
Build order — Socrate
119 actions detected in the replay
| 0:01 | Create | Villager (Male) |
| 0:01 | Create | Villager (Male) |
| 0:02 | Build | House |
| 0:05 | Build | House |
| 0:19 | Create | Villager (Male) |
| 0:29 | Create | Villager (Male) |
| 1:27 | Create | Villager (Male) |
| 2:13 | Create | Villager (Male) |
| 2:13 | Create | Villager (Male) |
| 2:46 | Build | Lumber Camp |
| 3:07 | Build | Lumber Camp |
| 3:14 | Create | Villager (Male) |
| 3:14 | Create | Villager (Male) |
| 3:14 | Create | Villager (Male) |
| 3:15 | Create | Villager (Male) |
| 4:06 | Create | Villager (Male) |
| 4:23 | Create | Villager (Male) |
| 4:40 | Build | House |
| 4:41 | Create | Villager (Male) |
| 5:32 | Research | Loom |
| 5:41 | Build | Mill |
| 5:49 | Create | Villager (Male) |
| 6:19 | Build | House |
| 6:31 | Research | Feudal Age |
| 6:49 | Build | House |
| 7:56 | Build | Barracks |
| 8:13 | Create | Villager (Male) |
| 8:41 | Age | Feudal Age |
| 8:42 | Create | Villager (Male) |
| 9:15 | Build | Stable |
| 9:36 | Create | Spearman |
| 9:44 | Build | Palisade Wall |
| 9:46 | Build | Palisade Wall |
| 9:51 | Build | Palisade Wall |
| 10:13 | Create | Scout Cavalry |
| 10:13 | Create | Scout Cavalry |
| 10:14 | Create | Scout Cavalry |
| 10:14 | Create | Scout Cavalry |
| 10:36 | Create | Villager (Male) |
| 10:47 | Build | Mill |
| 11:08 | Create | Villager (Male) |
| 11:14 | Build | Farm |
| 11:44 | Create | Villager (Male) |
| 12:02 | Create | Villager (Male) |
| 12:26 | Create | Villager (Male) |
| 12:40 | Build | House |
| 12:41 | Build | House |
| 13:03 | Create | Villager (Male) |
| 13:10 | Build | Farm |
| 13:10 | Build | Farm |
| 13:11 | Build | Farm |
| 13:11 | Build | Farm |
| 13:11 | Build | Farm |
| 13:20 | Create | Villager (Male) |
| 13:41 | Create | Villager (Male) |
| 14:06 | Create | Villager (Male) |
| 14:06 | Create | Villager (Male) |
| 14:10 | Build | Farm |
| 14:10 | Build | Farm |
| 14:11 | Build | Farm |
| 14:42 | Build | Mining Camp |
| 14:58 | Create | Villager (Male) |
| 15:16 | Create | Villager (Male) |
| 15:26 | Create | Villager (Male) |
| 15:55 | Build | Farm |
| 16:00 | Build | Farm |
| 16:02 | Build | Farm |
| 16:03 | Create | Villager (Male) |
| 16:19 | Create | Villager (Male) |
| 16:38 | Build | Farm |
| 16:38 | Build | Farm |
| 16:39 | Build | Farm |
| 16:45 | Create | Villager (Male) |
| 17:18 | Build | Farm |
| 17:18 | Build | Farm |
| 17:19 | Build | Farm |
| 17:22 | Create | Spearman |
| 17:59 | Build | Blacksmith |
| 18:00 | Create | Villager (Male) |
| 18:02 | Create | Villager (Male) |
| 18:33 | Build | Farm |
| 18:33 | Build | Farm |
| 18:33 | Build | Farm |
| 18:33 | Build | Farm |
| 18:46 | Build | House |
| 18:48 | Build | House |
| 18:57 | Research | Castle Age |
| 19:00 | Create | Militia |
| 19:03 | Create | Spearman |
| 19:39 | Build | Archery Range |
| 19:51 | Create | Villager (Male) |
| 19:57 | Research | Double-Bit Axe |
| 20:17 | Research | Gold Mining |
| 20:24 | Research | Fletching |
| 20:35 | Research | Bloodlines |
| 20:40 | Build | Farm |
| 20:55 | Research | Horse Collar |
| 21:04 | Create | Villager (Male) |
| 21:37 | Age | Castle Age |
| 21:38 | Create | Cavalry Archer |
| 21:42 | Research | Bodkin Arrow |
| 21:55 | Build | Archery Range |
| 21:57 | Create | Villager (Male) |
| 22:14 | Build | House |
| 22:18 | Build | Palisade Wall |
| 22:23 | Create | Cavalry Archer |
| 22:32 | Create | Cavalry Archer |
| 22:42 | Research | Husbandry |
| 23:07 | Create | Spearman |
| 23:07 | Create | Spearman |
| 23:09 | Research | Pikeman (upgrade) |
| 24:38 | Create | Spearman |
| 24:41 | Research | Scale Mail Armor |
| 24:50 | Build | Palisade Wall |
| 25:41 | Create | Spearman |
| 26:08 | Create | Spearman |
| 26:20 | Build | Palisade Wall |
| 26:48 | Create | Spearman |
| 26:48 | Create | Spearman |
Build order — amegame9
112 actions detected in the replay
| 0:01 | Create | Villager (Male) |
| 0:01 | Create | Villager (Male) |
| 0:01 | Create | Villager (Male) |
| 0:02 | Create | Villager (Male) |
| 0:02 | Create | Villager (Male) |
| 0:03 | Build | House |
| 0:05 | Build | House |
| 0:07 | Build | House |
| 1:39 | Create | Villager (Male) |
| 1:39 | Create | Villager (Male) |
| 2:02 | Create | Villager (Male) |
| 2:02 | Create | Villager (Male) |
| 2:36 | Create | Villager (Male) |
| 2:37 | Create | Villager (Male) |
| 2:37 | Create | Villager (Male) |
| 3:35 | Create | Villager (Male) |
| 3:35 | Create | Villager (Male) |
| 3:35 | Create | Villager (Male) |
| 3:35 | Create | Villager (Male) |
| 3:37 | Create | Villager (Male) |
| 3:37 | Create | Villager (Male) |
| 4:04 | Build | Lumber Camp |
| 4:53 | Create | Villager (Male) |
| 5:29 | Create | Villager (Male) |
| 5:29 | Create | Villager (Male) |
| 5:51 | Create | Villager (Male) |
| 6:17 | Build | Dock |
| 6:32 | Create | Villager (Male) |
| 6:41 | Build | House |
| 6:44 | Build | House |
| 7:12 | Create | Villager (Male) |
| 7:19 | Create | Fishing Ship |
| 7:29 | Build | House |
| 7:31 | Build | House |
| 7:39 | Create | Villager (Male) |
| 7:54 | Create | Fishing Ship |
| 8:13 | Create | Fishing Ship |
| 8:18 | Create | Villager (Male) |
| 8:19 | Create | Villager (Male) |
| 8:23 | Research | Loom |
| 8:53 | Create | Fishing Ship |
| 9:11 | Build | Mill |
| 9:33 | Create | Villager (Male) |
| 9:34 | Research | Feudal Age |
| 9:55 | Create | Fishing Ship |
| 10:25 | Create | Villager (Male) |
| 10:25 | Create | Villager (Male) |
| 10:52 | Build | Mill |
| 11:10 | Build | Palisade Wall |
| 11:18 | Create | Fishing Ship |
| 11:45 | Age | Feudal Age |
| 12:06 | Build | Palisade Wall |
| 12:08 | Build | Palisade Wall |
| 12:28 | Build | Market |
| 12:43 | Create | Villager (Male) |
| 13:25 | Create | Villager (Male) |
| 13:31 | Build | Blacksmith |
| 14:21 | Research | Castle Age |
| 14:41 | Build | Mining Camp |
| 17:01 | Age | Castle Age |
| 17:09 | Create | Villager (Male) |
| 17:36 | Build | Castle |
| 17:43 | Create | Villager (Male) |
| 18:17 | Build | Mining Camp |
| 18:20 | Create | Villager (Male) |
| 18:47 | Create | Villager (Male) |
| 19:09 | Create | Magyar Huszar |
| 19:09 | Create | Magyar Huszar |
| 19:26 | Create | Villager (Male) |
| 19:44 | Create | Magyar Huszar |
| 19:45 | Create | Magyar Huszar |
| 19:45 | Create | Magyar Huszar |
| 19:45 | Create | Magyar Huszar |
| 19:45 | Create | Magyar Huszar |
| 20:03 | Research | Scale Barding Armor |
| 20:05 | Create | Magyar Huszar |
| 20:06 | Create | Magyar Huszar |
| 20:21 | Create | Villager (Male) |
| 20:44 | Create | Magyar Huszar |
| 20:44 | Create | Magyar Huszar |
| 20:52 | Build | Outpost |
| 21:04 | Build | Dock |
| 21:11 | Create | Magyar Huszar |
| 21:11 | Create | Magyar Huszar |
| 21:15 | Create | Magyar Huszar |
| 21:15 | Create | Magyar Huszar |
| 21:45 | Create | Magyar Huszar |
| 21:45 | Create | Magyar Huszar |
| 21:45 | Create | Magyar Huszar |
| 22:10 | Create | Magyar Huszar |
| 22:10 | Create | Magyar Huszar |
| 22:24 | Create | Magyar Huszar |
| 22:24 | Create | Magyar Huszar |
| 22:24 | Create | Magyar Huszar |
| 23:09 | Create | Magyar Huszar |
| 23:10 | Create | Magyar Huszar |
| 23:10 | Create | Magyar Huszar |
| 23:12 | Create | Magyar Huszar |
| 23:13 | Create | Magyar Huszar |
| 23:54 | Create | Magyar Huszar |
| 23:54 | Create | Magyar Huszar |
| 24:21 | Create | Magyar Huszar |
| 24:21 | Create | Magyar Huszar |
| 25:20 | Create | Magyar Huszar |
| 25:21 | Create | Magyar Huszar |
| 25:35 | Create | Magyar Huszar |
| 25:35 | Create | Magyar Huszar |
| 25:36 | Create | Magyar Huszar |
| 27:08 | Create | Magyar Huszar |
| 27:08 | Create | Magyar Huszar |
| 27:08 | Create | Magyar Huszar |
| 27:09 | Create | Magyar Huszar |
Match timeline
| 6:17 | amegame9 · first_building Dock |
| 7:56 | Socrate · first_building Barracks |
| 8:41 | Socrate · age_up feudal |
| 9:15 | Socrate · first_building Stable |
| 9:44 | Socrate · wall_segment Palisade Wall x3 |
| 9:46 | Socrate · wall_segment Palisade Wall x4 |
| 9:51 | Socrate · wall_segment Palisade Wall x3 |
| 11:10 | amegame9 · wall_segment Palisade Wall x9 |
| 11:45 | amegame9 · age_up feudal |
| 12:06 | amegame9 · wall_segment Palisade Wall x1 |
| 12:08 | amegame9 · wall_segment Palisade Wall x1 |
| 14:15 | amegame9 · first_market_sell 100 food |
| 17:01 | amegame9 · age_up castle |
| 17:36 | amegame9 · first_building Castle |
| 18:12 | amegame9 · first_market_buy 100 wood |
| 19:39 | Socrate · first_building Archery Range |
| 21:37 | Socrate · age_up castle |
| 22:18 | Socrate · wall_segment Palisade Wall x3 |
| 24:50 | Socrate · wall_segment Palisade Wall x1 |
| 26:20 | Socrate · wall_segment Palisade Wall x4 |
| 27:12 | Socrate · resign |
[ AI ANALYSIS · 1 CREDIT ]
What really happened in this match?
Wolo.gg analyzes every decision: build order, eco, micro, common mistakes by bracket. Personalized analysis on WhatsApp or Discord in 30 seconds.
Civ guide
Mongols
Perfil
Jugador #871077